 Dungeon Sprint DCSS version 0.31.0-12-g77e489cdc1 (webtiles) character file.

Game seed: 1891515583382564709

105 Heoruswealwe the Skirmisher (level 4, -6/39 HPs)
             Began as a Gnoll Hunter on Feb 14, 2024.
             Was an Initiate of Gozag.
             Mangled by a gargoyle
             ... wielding a +0 morningstar
              (16 damage)
             ... in the Dungeon (Sprint IX: "|||||||||||||||||||||||||||||").
             The game lasted 00:04:13 (120 turns).

Heoruswealwe the Skirmisher (Gnoll Hunter)           Turns: 120, Time: 00:04:14

Health: -6/39      AC:  4    Str: 10    XL:     4   Next: 83%
Magic:  8/8        EV: 17    Int:  9    God:    Gozag
Gold:   0          SH:  0    Dex: 20    Spells: 9/9 levels left

rFire   . . .        b - +2 scimitar (flame)
rCold   . . .        (no shield)
rNeg    . . .        c - +0 leather armour
rPois   .            (no helmet)
rElec   .            h - +0 cloak
rCorr   .            (no gloves)
SInv    .            (no boots)
Will    .....        (no amulet)
Stlth   +++          k - +2 ring of evasion
HPRegen 0.26/turn    j - +3 ring of dexterity
MPRegen 0.11/turn

%: no teleportation
@: no status effects
A: fangs 1, strong nose, distributed training
a: Renounce Religion, Potion Petition, Call Merchant, Bribe Branch


You were in the Dungeon.
You worshipped Gozag.
Gozag was noncommittal.
You visited 1 branch

Inventory:

Hand Weapons
 a - a +0 shortbow
 b - a +2 scimitar of flaming (weapon)
Armour
 c - a +0 leather armour (worn)
 h - a +0 cloak (worn)
Jewellery
 j - a +3 ring of dexterity (right hand)
 k - a +2 ring of evasion (left hand)
Wands
 m - a wand of quicksilver (10)
Scrolls
 i - 2 scrolls of blinking
 o - 2 scrolls of amnesia
Potions
 d - 5 potions of curing
 e - 2 potions of heal wounds
 f - a potion of haste
 g - 4 potions of magic
 l - a potion of invisibility
 n - a potion of berserk rage


   Skills:
 + Level 5.6 Fighting
 + Level 3.1 Short Blades
 + Level 3.1 Long Blades
 + Level 3.1 Axes
 + Level 3.1 Maces & Flails
 + Level 3.1 Polearms
 + Level 3.1 Staves
 + Level 9.1 Ranged Weapons
 + Level 3.1 Throwing
 + Level 3.1 Armour
 + Level 5.6 Dodging
 + Level 4.0 Stealth
 + Level 3.1 Shields
 + Level 3.1 Unarmed Combat
 + Level 3.1 Spellcasting
 + Level 2.5 Conjurations
 + Level 2.5 Hexes
 + Level 2.5 Summonings
 + Level 2.5 Necromancy
 + Level 2.5 Translocations
 + Level 2.5 Fire Magic
 + Level 2.5 Ice Magic
 + Level 2.5 Air Magic
 + Level 2.5 Earth Magic
 + Level 2.5 Alchemy
 + Level 3.4 Invocations
 + Level 3.1 Evocations
 + Level 2.8 Shapeshifting


You had 9 spell levels left.
You didn't know any spells.
Your spell library was empty.

Dungeon Overview and Level Annotations

Branches:
Dungeon (1/1)

Altars:
Cheibriados
Dithmenos
Elyvilon
Fedhas
Gozag
Hepliaklqana
Kikubaaqudgha
Makhleb
Nemelex Xobeh
Okawaru
Qazlal
Ru
Sif Muna
Trog
Uskayaw
Vehumet
Wu Jian
Xom
Yredelemnul
Zin
The Shining One
Jiyva
Lugonu


Innate Abilities, Weirdness & Mutations

You have very sharp teeth.
Your uncanny sense of smell can sniff out nearby items.
Your experience applies equally to all skills.


Message History

The arrow hits the yak!
The yak is lightly wounded.
You shoot an arrow.
The arrow hits the gargoyle but does no damage.
The orc wizard casts a spell.
The orc wizard flickers and vanishes!
The gargoyle hurls a stone arrow at you.
The stone arrow misses you.
You shoot an arrow. The arrow closely misses the gargoyle.
The arrow hits the yak!
The yak is moderately wounded.
The gargoyle hurls a stone arrow at you.
The stone arrow hits you!
You shoot an arrow. The arrow hits the gargoyle.
The gargoyle is lightly damaged.
The gargoyle hurls a stone arrow at you.
The stone arrow misses you.
You shoot an arrow.
The arrow hits the gargoyle but does no damage.
The gargoyle is lightly damaged.
The gargoyle hits you with a +0 morningstar.
You are too injured to fight recklessly!
Your +2 scimitar of flaming bursts into flame!
b - a +2 scimitar of flaming (weapon)
The gargoyle misses you.
You feel much better.
The gargoyle hits you with a +0 morningstar!
You hit the gargoyle. You burn the gargoyle.
The gargoyle is moderately damaged.
The gargoyle misses you.
You closely miss the gargoyle.
The gargoyle is moderately damaged.
The gargoyle hurls a stone arrow at you.
The stone arrow hits you!
* * * LOW HITPOINT WARNING * * *
You slash the gargoyle! You burn the gargoyle.
The gargoyle is severely damaged.
The gargoyle hits you with a +0 morningstar!
You die...
Your body crumbles into a pile of gold.

▓.▓
▓.▓
▓)▓
▓.▓
▓.▓
▓[▓
▓[▓
▓.▓
∆
▓@▓
∆
▓9▓
∆
▓Y▓
∆
▓k▓
▓{▓
∆
▓W▓
▓{▓
∆
▓.▓


You could see a yak, a wraith, a wyvern and a gargoyle.

Vanquished Creatures
  A scorpion (D)
  A jelly (D)
  A shadow imp (D)
  2 orcs (D)
  2 ball pythons (D)
  A hobgoblin (D)
  A kobold (D)
  A frilled lizard (D)
10 creatures vanquished.

Notes
Turn   | Place    | Note
-------+----------+-------------------------------------------
     0 | D        | Heoruswealwe the Gnoll Hunter began the quest for the Orb.
     0 | D        | Reached XP level 1. HP: 20/20 MP: 1/1
    13 | D        | Reached skill level 1 in Invocations
    14 | D        | Reached skill level 1 in Short Blades
    14 | D        | Reached skill level 1 in Long Blades
    14 | D        | Reached skill level 1 in Axes
    14 | D        | Reached skill level 1 in Maces & Flails
    14 | D        | Reached skill level 1 in Polearms
    14 | D        | Reached skill level 1 in Staves
    14 | D        | Reached skill level 1 in Throwing
    14 | D        | Reached skill level 1 in Armour
    14 | D        | Reached skill level 1 in Shields
    14 | D        | Reached skill level 1 in Unarmed Combat
    14 | D        | Reached skill level 1 in Spellcasting
    14 | D        | Reached skill level 1 in Evocations
    23 | D        | Noticed a jelly
    23 | D        | Noticed a scorpion
    27 | D        | Reached skill level 1 in Shapeshifting
    27 | D        | Reached XP level 2. HP: 19/26 MP: 3/3
    28 | D        | Reached skill level 1 in Conjurations
    28 | D        | Reached skill level 1 in Hexes
    28 | D        | Reached skill level 1 in Summonings
    28 | D        | Reached skill level 1 in Necromancy
    28 | D        | Reached skill level 1 in Translocations
    28 | D        | Reached skill level 1 in Fire Magic
    28 | D        | Reached skill level 1 in Ice Magic
    28 | D        | Reached skill level 1 in Air Magic
    28 | D        | Reached skill level 1 in Earth Magic
    28 | D        | Reached skill level 1 in Alchemy
    37 | D        | Reached skill level 5 in Fighting
    37 | D        | Reached skill level 5 in Dodging
    37 | D        | Reached XP level 3. HP: 28/33 MP: 3/6
    39 | D        | Killed a scorpion
    40 | D        | Reached skill level 9 in Ranged Weapons
    40 | D        | Reached XP level 4. HP: 32/39 MP: 4/8
    47 | D        | Found a snail-covered altar of Cheibriados.
    47 | D        | Found a shadowy altar of Dithmenos.
    47 | D        | Found a white marble altar of Elyvilon.
    47 | D        | Found a blossoming altar of Fedhas.
    47 | D        | Found an opulent altar of Gozag.
    48 | D        | Found a hazy altar of Hepliaklqana.
    49 | D        | Found a viscous altar of Jiyva.
    50 | D        | Found an ancient bone altar of Kikubaaqudgha.
    51 | D        | Found a corrupted altar of Lugonu.
    52 | D        | Found a burning altar of Makhleb.
    53 | D        | Found a sparkling altar of Nemelex Xobeh.
    54 | D        | Found an iron altar of Okawaru.
    55 | D        | Became a worshipper of Gozag Ym Sagoz the Greedy
    56 | D        | Found a stormy altar of Qazlal.
    57 | D        | Found a sacrificial altar of Ru.
    58 | D        | Found a shimmering blue altar of Sif Muna.
    59 | D        | Found a bloodstained altar of Trog.
    60 | D        | Found a hide-covered altar of Uskayaw.
    61 | D        | Found a radiant altar of Vehumet.
    62 | D        | Found an ornate altar of the Wu Jian Council.
    63 | D        | Found a shimmering altar of Xom.
    64 | D        | Found a basalt altar of Yredelemnul.
    65 | D        | Found a glowing silver altar of Zin.
    66 | D        | Found a glowing golden altar of the Shining One.
   107 | D        | Noticed a gargoyle
   107 | D        | Noticed a yak
   107 | D        | Noticed a wyvern
   107 | D        | Noticed a wraith
   120 | D        | Mangled by a gargoyle

Illustrated notes

Levels and vault maps discovered:
D:        linesprint [early_d, line_temple, items_1, d_10, items_2, lair_1,
          lair_end, items_3, orc_1, orc_end, items_4, d_15, swamp_1, shoals_1,
          snake_1, spider_1, d_20, vaults_1, items_5, swamp_end, shoals_end,
          snake_end, spider_end, vaults_end, d_27, items_6, zot_1, zot_end,
          crypt_end, forest_end, elf_end, slime_end, tomb_end, abyss_end,
          pan_hell_end]

Skill      XL: |  1  2  3  4 |
---------------+-------------+-----
Invocations    | 1 2 3 |  3.4
Short Blades   | 1 2 3 |  3.1
Long Blades    | 1 2 3 |  3.1
Axes           | 1 2 3 |  3.1
Maces & Flails | 1 2 3 |  3.1
Polearms       | 1 2 3 |  3.1
Staves         | 1 2 3 |  3.1
Throwing       | 1 2 3 |  3.1
Armour         | 1 2 3 |  3.1
Shields        | 1 2 3 |  3.1
Unarmed Combat | 1 2 3 |  3.1
Spellcasting   | 1 2 3 |  3.1
Evocations     | 1 2 3 |  3.1
Shapeshifting  | 1 2 |  2.8
Conjurations   | 1 2 |  2.5
Hexes          | 1 2 |  2.5
Summonings     | 1 2 |  2.5
Necromancy     | 1 2 |  2.5
Translocations | 1 2 |  2.5
Fire Magic     | 1 2 |  2.5
Ice Magic      | 1 2 |  2.5
Air Magic      | 1 2 |  2.5
Earth Magic    | 1 2 |  2.5
Alchemy        | 1 2 |  2.5
Fighting       | 5 |  5.6
Dodging        | 5 |  5.6
Stealth        | 3 4 |  4.0
Ranged Weapons | 9 |  9.1

Action                     |  1- 3 |  4- 6 || total
---------------------------+-------+-------++-------
  Melee: Scimitar          |       |     3 ||     3
   Fire: Shortbow          |    24 |     9 ||    33
    Use: Potion            |       |     1 ||     1
 Armour: Leather armour    |     6 |     6 ||    12
  Dodge: Dodged            |     8 |     6 ||    14
